 Dungeon Crawl Stone Soup version 0.23-a0-338-g8ff0b24 (webtiles) character file.

255 rabbit the Shield-Bearer (level 5, 0/51 HPs)
             Began as a Deep Dwarf Fighter on Oct 18, 2018.
             Was a Follower of Makhleb.
             Killed by divine providence
             ... invoked by an orc priest
              (6 damage)
             ... on level 4 of the Dungeon.
             The game lasted 00:15:02 (3182 turns).

rabbit the Shield-Bearer (Deep Dwarf Fighter)       Turns: 3182, Time: 00:15:03

Health: 0/51       AC:  8    Str: 20    XL:     5   Next: 91%
Magic:  5/5        EV:  7    Int:  9    God:    Makhleb [*.....]
Gold:   94         SH:  9    Dex: 12    Spells: 4/4 levels left

rFire    . . .     SeeInvis .   a - +1 war axe (venom)
rCold    . . .     Gourm    .   c - +0 shield
rNeg     . . .     Faith    .   e - +0 scale mail
rPois    .         Spirit   .   (no helmet)
rElec    .         Reflect  .   (no cloak)
rCorr    .         Harm     .   (no gloves)
MR       .....                  r - +0 pair of boots
Stlth    ..........             (no amulet)
HPRegen  0.00/turn              (no ring)
MPRegen  0.09/turn              (no ring)

@: non-regenerating
A: damage resistance, heal wounds, sense surroundings 1, no regeneration
a: Heal Wounds, Renounce Religion


You were on level 4 of the Dungeon.
You worshipped Makhleb.
Makhleb was aware of your devotion.
You were not hungry.

You visited 1 branch of the dungeon, and saw 4 of its levels.

You collected 94 gold pieces.

Inventory:

Hand Weapons
 a - a +1 war axe of venom (weapon)
 b - a +0 hunting sling
 p - a +0 antimagic quarterstaff
 s - a +1 war axe
Missiles
 j - 96 stones (quivered)
 n - 64 bolts
Armour
 c - a +0 shield (worn)
 e - a +0 scale mail (worn)
 l - a cursed +0 ring mail
 o - a +0 scale mail
 r - a +0 pair of boots (worn)
Jewellery
 k - an uncursed amulet of the acrobat {unknown}
Scrolls
 i - 4 scrolls of remove curse
 m - a scroll of teleportation
 q - 4 scrolls of identify
 t - a scroll of noise {unknown}
Potions
 d - a potion of might
 g - a potion of degeneration {unknown}
 h - a potion of curing {unknown}
Comestibles
 f - 4 rations
 u - 2 chunks of flesh


   Skills:
 * Level 4.3 Fighting
 + Level 3.6 Axes
 + Level 4.3 Armour
 + Level 4.4 Shields


You had 4 spell levels left.
You didn't know any spells.
Your spell library was empty.

Dungeon Overview and Level Annotations

Branches:
Dungeon (4/15)
 Temple: D:4-7

Altars:
Ashenzari
Dithmenos
Fedhas
Makhleb


Innate Abilities, Weirdness & Mutations

You are resistant to damage.
You can heal yourself by infusing magical energy.
You passively map a small area around you.
You do not regenerate.


Message History

You hit the orc but do no damage.
The orc is poisoned.
You block the orc's attack.
The orc cheers noisily.
You hit the orc.
The orc is moderately wounded.
The orc hits you but does no damage.
You hit the orc.
The orc looks as sick as possible!
The orc is heavily wounded.
You kill the orc!
Makhleb accepts your kill.
You closely miss the orc priest. You block the orc priest's attack.
You slash the orc priest!
The orc priest looks as sick as possible!
The orc priest is severely wounded.
The orc wizard casts a spell.
The orc wizard flickers and vanishes!
Deactivating autopickup; reactivate with Ctrl-A.
The orc priest mumbles some strange prayers to Beogh against you.
Beogh smites you!
You die...

, * * #.# #.#* , #.#
,, #.# ** * #o# #{#,
#o#, #@#,* ####)#
#.###########....#.#
#................#.#
*
#.................#
#.####.######.##..#
,####.#### #.##..#
#.......# #.##..#
,#.......###.##..#


You could see an orc priest and an orc.

Vanquished Creatures
  An orc priest (D:3)
  2 orc wizards (D:3)
  A worker ant (D:3)
  4 adders
  2 oozes
  3 dart slugs
  2 leopard geckos (D:1)
  13 orcs
  8 bats
  A giant cockroach (D:2)
  8 goblins
  4 hobgoblins
  11 jackals
  6 kobolds
  3 quokkas
  3 ball pythons
  7 frilled lizards
  5 rats
84 creatures vanquished.

Notes
Turn   | Place    | Note
-------+----------+-------------------------------------------
     0 | D:1      | rabbit the Deep Dwarf Fighter began the quest for the Orb.
     0 | D:1      | Reached XP level 1. HP: 20/20 MP: 1/1
   368 | D:1      | Reached XP level 2. HP: 24/27 MP: 2/2
   773 | D:1      | Found a shattered altar of Ashenzari.
  1004 | D:2      | Reached XP level 3. HP: 23/34 MP: 3/3
  1153 | D:2      | Found a blossoming altar of Fedhas.
  1320 | D:2      | Found a burning altar of Makhleb.
  1328 | D:2      | Became a worshipper of Makhleb the Destroyer
  2035 | D:3      | Reached XP level 4. HP: 16/43 MP: 4/4
  2283 | D:3      | Reached * piety under Makhleb
  2381 | D:3      | Reached XP level 5. HP: 33/50 MP: 5/5
  2652 | D:3      | Found a shadowy altar of Dithmenos.
  3182 | D:4      | Killed from afar by an orc priest

Vault maps used:
D:1:      minmay_arrival_solitary_statue, minmay_misc_feat_diagonals,
          evilmike_ruin_ashenzari
D:2:      overflow_temple_1_default, fedhas_altar_2, item_on_display_a
D:3:      nicolae_dithmenos_shadow_blocks, minmay_close_crescents
D:4:      lemuel_coloured_pillars_altar

Skill      XL: |  1  2  3  4  5 |
---------------+----------------+-----
Fighting       | 3 4 |  4.3
Axes           | 3 |  3.6
Shields        | 4 |  4.4
Armour         | 4 |  4.3

Action                   |  1- 3 |  4- 6 || total
-------------------------+-------+-------++-------
Melee: War axe           |   116 |    91 ||   207
 Fire: Hunting sling     |    27 |    92 ||   119
Throw: Stone             |     6 |       ||     6
 Abil: Heal Wounds       |       |     1 ||     1
  Use: Scroll            |     6 |       ||     6
  Eat: Chunk             |     3 |     5 ||     8
Armor: Scale mail        |    62 |    55 ||   117
Dodge: Dodged            |    56 |    33 ||    89
Block: Shield            |    73 |    64 ||   137

Table legend:
 A = Non-vault XP
 B = Vault XP
 C = Vault XP percentage of total XP
 D = Non-vault monster count
 E = Vault monster count
 F = Vault count percentage of total count
                 A         B        C        D         E       F
            +---------+---------+-------+---------+---------+-------
      Total |     358 |       7 |   1.9 |      81 |       3 |   3.6
            +---------+---------+-------+---------+---------+-------
        D:1 |      38 |       0 |   0.0 |      18 |       0 |   0.0
        D:2 |      55 |       0 |   0.0 |      17 |       0 |   0.0
        D:3 |     257 |       7 |   2.7 |      43 |       3 |   6.5
        D:4 |       8 |       0 |   0.0 |       3 |       0 |   0.0
            +---------+---------+-------+---------+---------+-------
